 Dungeon Crawl Stone Soup version 0.28.0-45-g0d030f2227 (webtiles) character file.

Game seed: 17118489258302034166

277 issech the Cudgeller (level 6, -2/61 HPs)
             Began as a Troll Monk on Apr 24, 2022.
             Slain by Pargi (4 damage)
             ... in a sewer.
             The game lasted 00:13:19 (2879 turns).

issech the Cudgeller (Troll Monk)                   Turns: 2879, Time: 00:13:19

Health: -2/61      AC:  4    Str: 20    XL:     6   Next: 4%
Magic:  5/5        EV: 11    Int:  6    God:
Gold:   94         SH:  0    Dex: 14    Spells: 5/5 levels left

rFire   . . .      SeeInvis .   a - +0 mace
rCold   . . .      Faith    .   (no shield)
rNeg    . . .      Spirit   .   b - +0 robe
rPois   .          Reflect  .   (helmet restricted)
rElec   .          Harm     .   (no cloak)
rCorr   .          Rampage  .   (gloves unavailable)
Will    .....                   (boots unavailable)
Stlth   ++........              (no amulet)
HPRegen 1.00/turn               (no ring)
MPRegen 0.09/turn               (no ring)

@: very slow
A: large, unfitting armour, claws 3, regeneration 1, shaggy fur 1, tough skin 1
a: no special abilities


You were in a sewer.
You visited 1 branch of the dungeon, and saw 3 of its levels.
You also visited: Sewer.

You collected 116 gold pieces.
You spent 22 gold pieces at shops.

Inventory:

Hand Weapons
 a - a +0 mace (weapon)
Missiles
 d - 41 stones (quivered)
 f - 51 arrows
 l - 38 bolts
Armour
 b - a +0 robe (worn)
Magical Staves
 k - a staff of poison
Scrolls
 e - a scroll of teleportation
 h - a scroll of enchant weapon {unknown}
 m - a scroll of magic mapping
Potions
 c - 3 potions of curing {unknown}
 g - a potion of flight {unknown}
 i - 2 potions of heal wounds {unknown}
 j - 4 potions of brilliance {unknown}
 n - a potion of haste {unknown}


   Skills:
 + Level 3.4 Fighting
 + Level 4.3(4.4) Maces & Flails
 + Level 0.6(2.5) Staves
 + Level 3.5 Dodging
 + Level 1.4 Stealth


You had 5 spell levels left.
You didn't know any spells.
Your spell library contained the following spells:

 Spells                   Type           Power      Damage    Failure   Level
 Apportation              Tloc           0%         N/A       45%         1
 Alistair's Intoxication  Tmut/Pois      0%         N/A       100%        5


Dungeon Overview and Level Annotations

Branches:
Dungeon (3/15)              Sewer (1/1)

Altars:

Shops:
D:1 *!:??

Annotations:
D:2 1 runed translucent door, Crazy Yiuf, Jessica Sewer Pargi


Innate Abilities, Weirdness & Mutations

You are too large for most types of armour.
You have claws for hands.
Your natural rate of healing is unusually fast.
You are covered in fur. (AC +1)
You have tough skin. (AC +1)


Message History

Pargi claws you but does no damage.
You hit Pargi.
Pargi is heavily wounded.
Pargi closely misses you. Pargi barely misses you. x2
You miss Pargi.
Pargi is heavily wounded.
Pargi bites you.
* * * LOW HITPOINT WARNING * * *
Pargi barely misses you. x2
You hit Pargi.
Pargi is heavily wounded.
Pargi bites you.
* * * LOW HITPOINT WARNING * * *
Pargi claws you.
* * * LOW HITPOINT WARNING * * *
Pargi misses you. Pargi barely misses you. x2
Pargi claws you but does no damage.
You hit Pargi but do no damage.
Pargi is heavily wounded.
Pargi bites you!
* * * LOW HITPOINT WARNING * * *
Pargi misses you. Pargi claws you but does no damage.
Unknown command.
You enter the shallow water.
Moving in this stuff is going to be slow.
Pargi bites you.
* * * LOW HITPOINT WARNING * * *
Pargi barely misses you. Pargi claws you but does no damage.
There is an empty arch of ancient stone here.
There is a gate leading back out of this place here.
You enter the shallow water.
Moving in this stuff is going to be slow.
Pargi barely misses you. x3
Pargi bites you.
* * * LOW HITPOINT WARNING * * *
Pargi barely misses you. Pargi claws you but does no damage. Pargi bites you.
* * * LOW HITPOINT WARNING * * *
Pargi barely misses you. Pargi claws you.
You die...

≈# ##≈## *.≈≈≈≈≈≈≈≈≈* ##
#.≈.# **.≈≈≈≈≈≈≈#* .# #.∩.#
*#.≈≈≈≈≈≈≈* ## #...#
##≈≈≈≈≈≈≈≈* ##### #.≈≈≈≈≈≈≈≈*
# ####.≈≈≈≈≈##* ##
#.#.≈≈≈≈≈≈≈# .#
**##≈≈≈≈≈≈≈≈≈≈#* ###
*,#@≈≈≈≈≈≈≈≈≈≈≈* .≈## ###
###T≈≈≈≈≈≈≈≈≈≈#* ≈≈.#
#.####≈≈≈≈≈≈≈≈≈≈≈≈≈#*
≈≈#######∩∩##.≈≈≈≈≈≈≈≈≈≈≈≈≈≈*
≈≈..##.#≈≈≈..≈≈≈≈≈≈≈≈≈≈≈≈≈≈#*
≈≈≈≈##.≈≈≈≈≈.≈≈≈≈≈≈≈≈≈≈≈≈≈#*
≈≈≈≈.≈≈≈≈≈≈≈≈≈≈≈≈≈≈≈≈≈≈≈≈≈*
≈≈≈≈≈≈≈≈≈≈≈≈≈≈≈≈≈≈≈≈≈≈≈≈≈≈*
≈≈≈≈≈≈≈≈≈≈≈≈≈≈≈≈≈≈≈≈≈≈≈≈≈≈*


You could see Pargi.

Vanquished Creatures
  An ice beast (D:3)
  A jelly (D:2)
  4 gnolls (D:3)
  3 adders
  A river rat (D:3)
  3 dart slugs
  An orc (D:3)
  3 endoplasms
  9 giant cockroaches
  7 goblins
  3 hobgoblins
  3 jackals (D:2)
  2 kobolds
  5 quokkas
  6 ball pythons
  10 bats
  9 frilled lizards
  12 rats
83 creatures vanquished.

Vanquished Creatures (others)
  7 plants
7 creatures vanquished.

Grand Total: 90 creatures vanquished

Notes
Turn   | Place    | Note
-------+----------+-------------------------------------------
     0 | D:1      | issech the Troll Monk began the quest for the Orb.
     0 | D:1      | Reached XP level 1. HP: 22/22 MP: 0/0
    66 | D:1      | Found Kiojiywk's Magic Scroll Boutique.
   128 | D:1      | Reached XP level 2. HP: 21/29 MP: 1/1
   140 | D:1      | Found Udungeq's Book Boutique.
   185 | D:1      | Found Odeutev's Distillery.
   438 | D:1      | Found Langetwehe's Assorted Antiques.
   542 | D:1      | Found a faded altar of an unknown god.
   554 | D:1      | Reached skill level 3 in Maces & Flails
   618 | D:1      | Bought a scroll of identify for 22 gold pieces
   642 | D:1      | Found Susupeaf's Magic Scroll Boutique.
   741 | D:2      | Reached XP level 3. HP: 30/37 MP: 2/2
   955 | D:2      | Reached XP level 4. HP: 33/45 MP: 3/3
  1248 | D:2      | Found a runed translucent door.
  1249 | D:2      | Noticed Crazy Yiuf
  1249 | D:2      | Noticed Jessica
  2142 | D:3      | Noticed an ice beast
  2155 | D:3      | Killed an ice beast
  2156 | D:3      | Reached skill level 4 in Maces & Flails
  2156 | D:3      | Reached XP level 5. HP: 10/53 MP: 4/4
  2599 | D:3      | Found a glowing drain.
  2608 | D:3      | Reached XP level 6. HP: 60/61 MP: 5/5
  2611 | Sewer    | Entered a sewer
  2633 | Sewer    | Noticed Pargi
  2829 | Sewer    | HP: 3/61 [Pargi (2)]
  2870 | Sewer    | HP: 3/61 [Pargi (5)]
  2879 | Sewer    | HP: 2/61 [Pargi (6)]
  2879 | Sewer    | Slain by Pargi

Illustrated notes

Levels and vault maps discovered:
D:1:      amcnicky_arrival_abandoned_market, layout_rooms,
          ebering_ecumenical_altar_mist, serial_shops, shop,
          nicolae_shop_competitors_out_of_business, shop, shop,
          nicolae_shop_hallway_plus, serial_bayou, serial_bayou_lagoon_a,
          serial_bayou_pond_a, serial_bayou_pond_d, serial_bayou_ford_a
D:2:      layout_loops_corners, uniq_crazy_yiuf_cottage, uniq_jessica
D:3:      cheibrodos_old_hovel, layout_loops_ring, portal_sewer_entry_e,
          kennysheep_generic_room_8
Sewer:    sewer_co_pargi_island

Skill      XL: |  1  2  3  4 |
---------------+-------------+-----
Maces & Flails | 3 4 |  4.3
Fighting       | 3 |  3.4
Dodging        | 3 |  3.5
Staves         | |  0.6
Stealth        | |  1.4

Action                   |  1- 3 |  4- 6 || total
-------------------------+-------+-------++-------
Melee: Mace              |    97 |   214 ||   311
       Punch             |     3 |     2 ||     5
       Staff             |       |    34 ||    34
Throw: Stone             |       |    10 ||    10
  Use: Scroll            |     1 |     3 ||     4
 Stab: Sleeping          |     2 |     5 ||     7
Armor: Robe              |    52 |   148 ||   200
Dodge: Dodged            |    79 |   254 ||   333
